 Dungeon Crawl Stone Soup version 0.21-a0-625-g1119ec1 (webtiles) character file.

32230 mopl the Grappler (level 13, -9/130 HPs)
             Began as a Troll Wanderer on Dec 23, 2017.
             Was a High Priest of Okawaru.
             Mangled by a nine-headed hydra (10 damage)
             ... on level 4 of the Lair of Beasts on Dec 24, 2017.
             The game lasted 00:31:23 (13660 turns).

mopl the Grappler (Troll Wanderer)                 Turns: 13660, Time: 00:31:25

Health: -9/130     AC:  8    Str: 20    XL:     13   Next: 30%
Magic:  14/18      EV: 15    Int:  7    God:    Okawaru [*****.]
Gold:   828        SH:  0    Dex: 17    Spells: 7/12 levels left

rFire    . . .     SeeInvis .     - Unarmed
rCold    . . .     Gourm    +   (no shield)
rNeg     . . .     Faith    +   C - +2 robe {MR+}
rPois    +         Spirit   .   M - +0 hat {MR+}
rElec    .         Reflect  .   k - +0 cloak
rCorr    .         Harm     .   (gloves unavailable)
MR       ++...                  (boots unavailable)
Stlth    +++.......             i - amulet of faith {!P}
HPRegen  0.71/turn              I - +4 ring of slaying {=R}
MPRegen  0.16/turn              x - ring of poison resistance

@: heroism, finesse, slowed, drained, very slow
A: large, unfitting armour, claws 3, fast metabolism 3, gourmand, regeneration
1, shaggy fur 1, tough skin 2
a: Heroism, Finesse, Renounce Religion


You were on level 4 of the Lair of Beasts.
You worshipped Okawaru.
Okawaru was extremely pleased with you.
You were completely stuffed.

You visited 3 branches of the dungeon, and saw 17 of its levels.
You also visited: Sewer.

You collected 1038 gold pieces.
You spent 210 gold pieces at shops.

Inventory:

Missiles
 c - 634 stones
 h - 4 javelins (quivered)
 l - 13 tomahawks
 v - 53 poisoned needles
 T - 9 large rocks
 X - 6 throwing nets
Armour
 k - a +0 cloak (worn)
 z - a +0 troll leather armour
 C - a +2 robe of magic resistance (worn)
 M - a +0 hat of magic resistance (worn)
 O - a +2 robe of cold resistance
Jewellery
 i - an amulet of faith (around neck) {!P}
 x - a ring of poison resistance (right claw)
 H - an uncursed ring of ice
 I - a +4 ring of slaying (left claw) {=R}
 J - an uncursed ring of see invisible
 N - an uncursed amulet of guardian spirit {unknown}
Wands
 a - a wand of iceblast (4)
 q - a wand of digging (45)
 A - a wand of flame (70)
 D - a wand of paralysis (1)
 K - a wand of polymorph (16)
 P - a wand of acid (9)
Scrolls
 b - 10 scrolls of teleportation
 e - a scroll of summoning {unknown}
 f - 7 scrolls of remove curse
 m - 3 scrolls of fear {unknown}
 o - 4 scrolls of fog {unknown}
 p - 2 scrolls of blinking {unknown}
 r - 2 scrolls of immolation
 s - 5 scrolls of amnesia {unknown}
 B - 3 scrolls of enchant weapon {unknown}
 G - 4 scrolls of magic mapping {unknown}
 L - a scroll of torment {!r}
 V - 3 scrolls of vulnerability {unknown}
Potions
 d - 9 potions of curing
 j - 4 potions of flight
 n - 3 potions of lignification {!q}
 t - 2 potions of ambrosia
 u - 2 potions of resistance
 w - 2 potions of might
 E - 2 potions of invisibility
 F - 3 potions of agility
 Q - a potion of haste
 R - a potion of cancellation
Miscellaneous
 y - a phantom mirror
Comestibles
 g - 31 rations


   Skills:
 + Level 8.8(12.9) Fighting
 + Level 9.2(13.2) Throwing
 + Level 2.9(7.1) Armour
 + Level 3.2(7.4) Dodging
 - Level 1.0(5.2) Stealth
 * Level 14.8(18.8) Unarmed Combat
 + Level 8.8(8.0) Invocations


You had 7 spell levels left.
You knew the following spells:

 Your Spells              Type           Power        Failure   Level  Hunger
e - Blink                 Tloc           N/A          56%         2    ###....
r - Regeneration          Chrm/Necr      #.........   80%         3    ####...


Dungeon Overview and Level Annotations

Branches:
Dungeon (12/15)            Temple (1/1) D:5            Lair (4/6) D:11
  Swamp (0/4) Lair:2        Snake (0/4) Lair:2          Orc (0/2) D:9

Altars:
Ashenzari
Cheibriados
Dithmenos
Elyvilon
Fedhas
Gozag
Hepliaklqana
Kikubaaqudgha
Makhleb
Nemelex Xobeh
Okawaru
Qazlal
Ru
Sif Muna
Trog
Vehumet
Wu Jian
Xom
Zin
The Shining One

Shops:
D:6 :%   D:7 (   D:9 **(   D:11 :

Portals:
Trove: D:10 (give 2 scrolls of acquirement)

Annotations:
D:7 2 runed doors, exclusion: orange crystal statue


Innate Abilities, Weirdness & Mutations

You are too large for most types of armour.
You have claws for hands.
Your metabolism is lightning-fast.
You like to eat raw meat.
Your natural rate of healing is unusually fast.
You are covered in fur. (AC +1)
You have very tough skin. (AC +2)


Message History

The eight-headed hydra bites you but does no damage.
The eight-headed hydra bites you!
* * * LOW HITPOINT WARNING * * *
The eight-headed hydra misses you. x2
The eight-headed hydra closely misses you.
The eight-headed hydra completely misses you.
The eight-headed hydra bites you!
* * * LOW HITPOINT WARNING * * *
Unknown command.
Okay, then.
You scratch the eight-headed hydra.
The eight-headed hydra is severely wounded.
You rip one of the eight-headed hydra's heads off!
The seven-headed hydra grows two more!
You claw the nine-headed hydra!
The nine-headed hydra is almost dead.
The nine-headed hydra bites you!
* * * LOW HITPOINT WARNING * * *
The nine-headed hydra barely misses you.
The nine-headed hydra bites you!
You die...

....!..((. ... .........
... ......... ...#.#
......... .......
......(##..#.#.P
.W................
#..#.#(DP#P.#..#..#
.....((@...........P.
.#..<..#..}.....#...P##.
........................
....P.#...........#....#
........................
..#......P...#...##.>...
........................
....PP.................
.......................


You could see a nine-headed hydra.

Vanquished Creatures
  Josephine (Lair:4)
  Fannar (Lair:3)
  A hydra (Lair:3)
  Harold (D:11)
  A centaur warrior (D:12)
  9 two-headed ogres
  Urug (D:12)
  Sonja (Lair:1)
  Nergalle (Lair:3)
  The ghost of Charly the Cleaver, a novice VSBe of Trog (D:12)
  An unseen horror (D:10)
  The ghost of Vajrapani the Thaumaturge, a novice DEFE (D:7)
  A deep elf mage (D:8)
  2 manticores (D:12)
  3 centaur zombies (D:12)
  4 spiny frogs (Lair:3)
  2 rime drakes
  A komodo dragon (D:10)
  An efreet (D:12)
  A tengu conjurer (D:12)
  2 trolls (D:12)
  A queen bee (D:10)
  5 slime creatures
  6 hippogriffs
  Sigmund (D:3)
  A shadow (D:12)
  4 wraiths (Lair:4)
  3 hogs (D:8)
  2 wyverns
  11 yaks
  A human (D:8)
  A basilisk (Lair:3)
  2 nagas (Lair:2)
  An acid dragon (D:12)
  A water moccasin (Lair:2)
  5 swamp worms (Lair:2)
  5 porcupines
  4 sky beasts
  3 black bears (D:11)
  3 phantoms
  Purgy (Sewer)
  4 ice beasts
  2 necrophages
  5 orc warriors
  An eye of draining (D:12)
  4 ogres
  9 centaurs
  7 crocodiles
  4 wolves
  2 big kobolds
  A gnoll sergeant (D:11)
  9 bullfrogs
  A wyvern skeleton (D:12)
  5 scorpions
  17 killer bees
  9 howler monkeys
  3 wights (D:12)
  An electric eel (Lair:2)
  7 crimson imps
  A bullfrog zombie (D:9)
  A jelly (D:9)
  3 hounds
  4 bullfrog skeletons
  5 orc priests
  A centaur skeleton (D:8)
  8 orc wizards
  2 iguanas
  9 worker ants
  A killer bee zombie (D:6)
  A hound zombie (D:6)
  2 hound skeletons
  12 adders
  4 gnolls (D:7)
  4 shadow imps
  2 oozes (D:3)
  6 worms
  4 dart slugs
  13 leopard geckos
  31 orcs
  7 bats
  8 giant cockroaches
  A goblin (D:3)
  9 hobgoblins
  22 jackals
  6 quokkas
  5 ball pythons
  5 frilled lizards
  16 kobolds
  A leopard gecko skeleton (D:5)
  A quokka zombie (D:6)
  9 rats
  A plant (Lair:3)
394 creatures vanquished.

Vanquished Creatures (others)
  An orc wizard (D:8)
  An orc (D:8)
  A plant (D:11)
3 creatures vanquished.

Grand Total: 397 creatures vanquished

Notes
Turn   | Place    | Note
-------+----------+-------------------------------------------
     0 | D:1      | mopl the Troll Wanderer began the quest for the Orb.
     0 | D:1      | mopl set off with: a +2 spear, a +0 hand crossbow, 27 bolts, a potion of curing, a +0 robe, a +0 dagger, 2 rations
     0 | D:1      | Reached XP level 1. HP: 26/26 MP: 0/0
    16 | D:1      | Noticed a bullfrog
   136 | D:1      | Reached skill level 1 in Unarmed Combat
   303 | D:1      | Reached XP level 2. HP: 33/33 MP: 1/1
   361 | D:1      | Reached skill level 2 in Unarmed Combat
   810 | D:2      | Reached XP level 3. HP: 33/41 MP: 2/2
   841 | D:2      | Reached skill level 3 in Unarmed Combat
   845 | D:2      | Noticed a scorpion
   854 | D:2      | Killed a scorpion
   854 | D:2      | Reached skill level 4 in Unarmed Combat
   854 | D:2      | Reached XP level 4. HP: 38/49 MP: 3/3
  1338 | D:2      | Found a sacrificial altar of Ru.
  1466 | D:1      | Killed a bullfrog
  1466 | D:1      | Reached skill level 5 in Unarmed Combat
  1466 | D:1      | Reached XP level 5. HP: 51/55 MP: 4/4
  1798 | D:3      | Found a sparkling altar of Nemelex Xobeh.
  1851 | D:3      | Noticed Sigmund
  1861 | D:3      | Killed Sigmund
  1861 | D:3      | Reached skill level 6 in Unarmed Combat
  1861 | D:3      | Reached XP level 6. HP: 65/65 MP: 5/5
  2314 | D:4      | Reached skill level 7 in Unarmed Combat
  3299 | D:5      | Entered Level 5 of the Dungeon
  3338 | D:5      | Found a glowing drain.
  3348 | D:5      | Reached XP level 7. HP: 66/71 MP: 6/6
  3394 | Sewer    | Entered a sewer
  3458 | Sewer    | Noticed Purgy
  3462 | Sewer    | Killed Purgy
  3489 | Sewer    | Reached skill level 2 in Throwing
  3615 | D:5      | Found a staircase to the Ecumenical Temple.
  3634 | Temple   | Entered the Ecumenical Temple
  3643 | Temple   | Became a worshipper of Warmaster Okawaru
  3849 | D:5      | Reached skill level 8 in Unarmed Combat
  3854 | D:5      | Reached skill level 1 in Invocations
  3864 | D:5      | Reached * piety under Okawaru
  3864 | D:5      | Reached XP level 8. HP: 41/79 MP: 6/8
  3890 | D:5      | Reached skill level 3 in Throwing
  3915 | D:5      | Reached skill level 2 in Invocations
  4163 | D:5      | Found an ornate altar of the Wu Jian Council.
  4263 | D:6      | Reached ** piety under Okawaru
  4267 | D:6      | Reached skill level 9 in Unarmed Combat
  4314 | D:6      | Found Botukyops's Book Shop.
  4321 | D:6      | Reached skill level 3 in Invocations
  4481 | D:6      | Reached skill level 4 in Throwing
  4605 | D:6      | Learned a level 3 spell: Regeneration
  4632 | D:6      | Found Tunes's Food Shoppe.
  5564 | D:7      | Reached *** piety under Okawaru
  5564 | D:7      | Reached XP level 9. HP: 68/87 MP: 10/10
  5636 | D:7      | Noticed a two-headed ogre
  5641 | D:7      | Reached skill level 10 in Unarmed Combat
  5645 | D:7      | Killed a two-headed ogre
  5645 | D:7      | Reached **** piety under Okawaru
  5645 | D:7      | Reached skill level 5 in Fighting
  5645 | D:7      | Reached skill level 5 in Throwing
  5645 | D:7      | Reached skill level 4 in Invocations
  5745 | D:7      | Found Pogro's Antique Weapon Emporium.
  5825 | D:7      | Learned a level 2 spell: Blink
  5925 | D:7      | Noticed a two-headed ogre
  5932 | D:7      | Killed a two-headed ogre
  5932 | D:7      | Reached ***** piety under Okawaru
  6016 | D:7      | Found a runed door.
  6018 | D:7      | Noticed Vajrapani's ghost (novice DEFE)
  6022 | D:7      | Found the +10 large shield of Ignorance {rN+ Int-4}
  6027 | D:7      | Killed Vajrapani's ghost
  6027 | D:7      | Reached skill level 11 in Unarmed Combat
  6027 | D:7      | Reached skill level 5 in Invocations
  6027 | D:7      | Reached XP level 10. HP: 76/98 MP: 12/12
  6033 | D:7      | Found a runed door.
  6033 | D:7      | Noticed an orange crystal statue
  6240 | D:8      | Noticed a deep elf mage
  6255 | D:8      | Killed a deep elf mage
  6319 | D:8      | Reached skill level 6 in Fighting
  6325 | D:8      | Reached skill level 6 in Throwing
  6557 | D:8      | Noticed a two-headed ogre
  6560 | D:8      | Killed a two-headed ogre
  6737 | D:8      | Noticed a two-headed ogre
  6744 | D:8      | Killed a two-headed ogre
  6744 | D:8      | Reached ****** piety under Okawaru
  6744 | D:8      | Received a gift from Okawaru
  6744 | D:8      | Reached skill level 12 in Unarmed Combat
  6744 | D:8      | Reached skill level 6 in Invocations
  7170 | D:9      | Found Meojige's Assorted Antiques.
  7177 | D:9      | Bought a scroll labeled YNEYTA JIEWAFOBB for 17 gold pieces
  7177 | D:9      | Bought a glowing brown potion for 15 gold pieces
  7177 | D:9      | Bought a tourmaline ring for 85 gold pieces
  7177 | D:9      | Bought a scroll labeled WIRIUM SIH for 17 gold pieces
  7177 | D:9      | Bought a scroll of teleportation for 51 gold pieces
  7268 | D:9      | Found a staircase to the Orcish Mines.
  7500 | D:9      | Found Sigru's Jewellery Shop.
  7506 | D:9      | Found Ikistum's Assorted Antiques.
  7506 | D:9      | Noticed a two-headed ogre
  7515 | D:9      | Reached XP level 11. HP: 88/107 MP: 11/14
  7520 | D:9      | Killed a two-headed ogre
  7520 | D:9      | Received a gift from Okawaru
  7547 | D:9      | Bought a scroll labeled AMEUNI DIADOYPH for 25 gold pieces
  7556 | D:9      | Found Ruixta Locs's Antique Weapon Shop.
  7572 | D:9      | Received a gift from Okawaru
  7572 | D:9      | Reached skill level 7 in Throwing
  7795 | D:9      | Noticed a two-headed ogre
  7803 | D:9      | Killed a two-headed ogre
  7803 | D:9      | Reached skill level 7 in Fighting
  7993 | D:10     | Entered Level 10 of the Dungeon
  8074 | D:10     | Found a portal to a secret trove of treasure.
  8143 | D:10     | Killed an unseen horror
  8621 | D:10     | Reached skill level 13 in Unarmed Combat
  8621 | D:10     | Reached skill level 7 in Invocations
  8647 | D:10     | Received a gift from Okawaru
  8934 | D:11     | Found a staircase to the Lair.
  9085 | D:11     | Noticed Harold
  9096 | D:11     | Killed Harold
  9325 | D:11     | Found Moihedd's Book Shoppe.
  9583 | Lair:1   | Entered Level 1 of the Lair of Beasts
  9583 | Lair:1   | Noticed Sonja
  9592 | Lair:1   | Killed Sonja
  9592 | Lair:1   | Reached XP level 12. HP: 65/119 MP: 16/16
  9594 | Lair:1   | Reached skill level 8 in Throwing
 10563 | D:11     | Reached skill level 8 in Fighting
 10708 | D:12     | Noticed Urug
 10721 | D:12     | Killed Urug
 10721 | D:12     | Received a gift from Okawaru
 10754 | D:12     | Noticed Charly's ghost (novice VSBe)
 10776 | D:12     | Killed Charly's ghost
 10776 | D:12     | Reached skill level 14 in Unarmed Combat
 10776 | D:12     | Reached skill level 8 in Invocations
 10805 | D:12     | Received a gift from Okawaru
 10806 | D:12     | Got a brightly glowing dagger {god gift}
 10842 | D:12     | Noticed a two-headed ogre
 10850 | D:12     | Killed a two-headed ogre
 10850 | D:12     | Reached skill level 1 in Armour
 10987 | D:12     | Noticed a two-headed ogre
 10991 | D:12     | Noticed a two-headed ogre
 10999 | D:12     | Killed a two-headed ogre
 10999 | D:12     | HP: 9/183 [two-headed ogre/giant club (1)]
 11005 | D:12     | Killed a two-headed ogre
 11005 | D:12     | Reached skill level 2 in Dodging
 11305 | D:12     | Got a twisted robe
 11387 | D:12     | Noticed a centaur warrior
 11394 | D:12     | Killed a centaur warrior
 11394 | D:12     | Received a gift from Okawaru
 11394 | D:12     | Reached skill level 2 in Armour
 11545 | D:12     | Identified the +2 robe of Monotheism {rElec rPois Int-4} (You found it on level 12 of the Dungeon)
 11936 | Lair:1   | Identified the +6 dagger of the Orcish Mines {speed, +Inv rElec rPois MR-} (Okawaru gifted it to you on level 12 of the Dungeon)
 11986 | Lair:2   | Found a staircase to the Snake Pit.
 12104 | Lair:2   | Found a staircase to the Swamp.
 12259 | Lair:2   | Upgraded the game from 0.21-a0-621-gc60411f to 0.21-a0-625-g1119ec1
 12278 | Lair:2   | Reached XP level 13. HP: 96/128 MP: 18/18
 12565 | Lair:2   | Reached skill level 9 in Throwing
 12701 | Lair:3   | Noticed Nergalle
 12707 | Lair:3   | Killed Nergalle
 13157 | Lair:3   | Reached skill level 3 in Dodging
 13333 | Lair:3   | Received a gift from Okawaru
 13439 | Lair:3   | Noticed Fannar
 13457 | Lair:3   | Killed Fannar
 13638 | Lair:4   | Noticed Josephine
 13648 | Lair:4   | Killed Josephine
 13660 | Lair:4   | HP: 1/130 [nine-headed hydra (15)]
 13660 | Lair:4   | Mangled by a nine-headed hydra

Vault maps used:
D:1:      evilmike_arrival_come_back, minmay_misc_feat_five, minmay_crystal_room
D:2:      lemuel_coloured_pillars_altar, nicolae_overflow_hidden_temple
D:3:      first_ration, nemelex_dance_club_becter, uniq_sigmund
D:5:      cheibrodos_barr_body, kennysheep_mini_moat,
          minmay_temple_entry_statues_pillars, gup_sewer_entry_pipe
D:6:      serial_shops, shop, shop
D:7:      serial_shops, shop_fountains, chequers_guarded_unrand_ignorance
D:8:      grunt_livestock
D:9:      orc_0_dummy, serial_shops, shop, shop, shop,
          nicolae_shop_competitors_out_of_business, nicolae_two_hexagons
D:10:     enter_trove_2, hive_lemuel
D:11:     minmay_lair_entry_grove, serial_glass, glass_columns_a,
          glass_columns_a, serial_shops, shop, uniq_harold
D:12:     hangedman_cross_cluster, uniq_urug
Temple:   nicolae_temple_no_exploring_needed
Lair:1:   uniq_sonja
Lair:2:   nicolae_swamp_entry_splash_gauntlet, guppyfry_snake_entry_garden,
          st_stairs_10
Lair:3:   uniq_fannar, uniq_nergalle
Lair:4:   nicolae_lair_yak_garden, lemuel_fruit_fields, lemuel_fruit_tree,
          uniq_josephine
Sewer:    kennysheep_door_sewer

Skill      XL: |  1  2  3  4  5  6  7  8  9 10 11 12 13 |
---------------+----------------------------------------+-----
Unarmed Combat | 1 2 4 5 6 7 8 9 11 12 13 14 | 14.8
Throwing       | 2 4 5 6 7 8 9 |  9.2
Invocations    | 1 3 5 6 7 8 |  8.8
Fighting       | 5 6 7 8 |  8.8
Armour         | 2 |  2.9
Dodging        | 2 3 |  3.2
Stealth        | |  1.0

Action                   |  1- 3 |  4- 6 |  7- 9 | 10-12 | 13-15 || total
-------------------------+-------+-------+-------+-------+-------++-------
Melee: Unarmed           |    72 |   153 |   199 |   541 |    60 ||  1025
       Punch             |     1 |     2 |     9 |    50 |     4 ||    66
Throw: Tomahawk          |       |       |     5 |    38 |     3 ||    46
       Large rock        |       |       |       |       |     5 ||     5
       Javelin           |       |       |       |       |     3 ||     3
 Cast: Blink             |       |       |       |     4 |       ||     4
Invok: Heroism           |       |       |     1 |    19 |     4 ||    24
       Finesse           |       |       |       |     1 |     1 ||     2
Evoke: Wand              |       |     1 |       |     3 |       ||     4
  Use: Scroll            |       |       |    11 |    10 |     2 ||    23
       Potion            |       |       |       |    10 |       ||    10
 Stab: Sleeping          |     3 |    10 |     3 |     2 |     2 ||    20
       Paralysed         |       |       |       |     2 |       ||     2
       Distracted        |       |       |       |     2 |       ||     2
  Eat: Chunk             |    12 |    23 |    26 |    57 |    12 ||   130
Armor: Robe              |    33 |    39 |    62 |   108 |    13 ||   255
       Skin              |       |       |       |     9 |     1 ||    10
Dodge: Dodged            |    38 |    67 |    76 |   235 |    41 ||   457

Table legend:
 A = Spawn XP
 B = Non-spawn XP
 C = Spawn XP percentage of total XP
 D = Spawn monster count
 E = Non-spawn monster count
 F = Spawn count percentage of total count
 G = Total turns spent on level
                    A         B        C        D         E        F      G
               +---------+---------+-------+---------+---------+-------+---------
         Total |       0 |   46044 |   0.0 |       0 |     393 |   0.0 | 13660
               +---------+---------+-------+---------+---------+-------+---------
           D:1 |       0 |     111 |   0.0 |       0 |      16 |   0.0 |   825
           D:2 |       0 |     148 |   0.0 |       0 |      32 |   0.0 |   683
           D:3 |       0 |     306 |   0.0 |       0 |      24 |   0.0 |   651
           D:4 |       0 |     156 |   0.0 |       0 |      13 |   0.0 |  1140
           D:5 |       0 |     880 |   0.0 |       0 |      32 |   0.0 |   782
           D:6 |       0 |     902 |   0.0 |       0 |      26 |   0.0 |  1294
           D:7 |       0 |    2888 |   0.0 |       0 |      23 |   0.0 |   692
           D:8 |       0 |    4307 |   0.0 |       0 |      27 |   0.0 |   905
           D:9 |       0 |    3859 |   0.0 |       0 |      29 |   0.0 |   856
          D:10 |       0 |    3595 |   0.0 |       0 |      52 |   0.0 |   785
          D:11 |       0 |    4810 |   0.0 |       0 |      29 |   0.0 |  1004
          D:12 |       0 |   11719 |   0.0 |       0 |      41 |   0.0 |  1254
        Lair:1 |       0 |    2880 |   0.0 |       0 |      12 |   0.0 |   920
        Lair:2 |       0 |    1859 |   0.0 |       0 |      12 |   0.0 |   745
        Lair:3 |       0 |    5408 |   0.0 |       0 |      13 |   0.0 |   911
        Lair:4 |       0 |    1974 |   0.0 |       0 |       6 |   0.0 |    48
         Sewer |       0 |     242 |   0.0 |       0 |       6 |   0.0 |   146
               +---------+---------+-------+---------+---------+-------+---------
